[Event "Austrian Bundesliga 2023-24"]
[Site "Austria"]
[Date "2024.03.21"]
[Round "8.20"]
[White "Erdos, Viktor"]
[Black "Pajeken, Jakob Leon"]
[Result "1/2-1/2"]
[ECO "D26"]
[WhiteElo "2552"]
[BlackElo "2424"]
[Annotator "TA"]
[PlyCount "74"]
[EventDate "2023.10.21"]
[EventType "team-tourn"]
[EventCountry "AUT"]
[SourceTitle "playchess.com"]
[Source "ChessBase"]
[SourceQuality "1"]
[TimeControl "40/5400+30:1800+30"]

1. d4 d5 2. Nf3 Nf6 3. c4 dxc4 4. e3 e6 5. Bxc4 c5 6. O-O Nc6 7. Qe2 a6 8. Rd1 b5 9. dxc5 Qc7 10. Bd3 Nb4 11. a4 Nxd3 12. Qxd3 {[%emt 0:00:06] Black must now prevent b4.} (12. Rxd3 {simplifies} b4 13. Nbd2 Bxc5 14. b3) 12... b4 13. b3 {[%emt 0:04:41] White has an edge.} Bxc5 14. Bb2 Bb7 15. Nbd2 O-O (15... Rc8 {keeps more tension.} 16. Rac1 O-O 17. Ng5 Rfd8) 16. Bxf6 gxf6 17. Ne4 Be7 {[%emt 0:07:57] A strong pair of Bishops.} 18. Rac1 Qa5 (18... Qd8 $11 {is more appropriate.} 19. Qe2 Qb6) 19. Qd7 $14 Bxe4 20. Qxe7 Bxf3 21. gxf3 $40 {[%emt 0:01:18][%cal Oc1c5][%mdl 128] Black needs to defend precisely.} Qf5 22. Rd4 Rae8 23. Qxb4 {[%emt 0:09:20] And now Rg4+ would win.} Kh8 {[%emt 0:00:25][%cal Oa6a5] Black is weak on the dark squares} 24. Rg4 $1 {[%emt 0:09:12] Strongly threatening Rg3. Active counter play!} Qxf3 25. Qf4 (25. Rg3 {is interesting.} Rg8 26. Qd6 a5 27. Qc7) 25... Qxf4 26. Rxf4 {[%emt 0:00:02][%mdl 4096] Endgame. KRR-KRR} Rb8 27. b4 e5 (27... f5 $14) 28. Rxf6 $16 Rxb4 29. Rxa6 Rb2 30. Ra7 Ra2 31. Rb1 Kg7 32. Rb6 e4 (32... Rg8 $16) 33. Rb5 $18 Kh6 34. Rb1 $2 {[%emt 0:02:58] [#]} (34. Ra6+ $18 f6 35. Kf1) 34... f6 35. Kf1 {[%emt 0:01:34] Hoping for Rb4.} Rg8 $1 36. Rf7 Kg6 37. Ra7 Rc8 {[%emt 0:01:36] Weighted Error Value: White=0.10 (very precise) /Black=0.13 (very precise) .  Missed win:     	White=1     	---        Mistake:       	---       	Black=3      Inaccurate:     	White=2     	Black=3      OK:         	White=9     	Black=15     Best:        	White=4     	---        Strong:       	White=1     	Black=1} 1/2-1/2

[Event "Austrian Bundesliga 2023-24"]
[Site "Austria"]
[Date "2024.03.21"]
[Round "8.21"]
[White "Sebenik, Matej"]
[Black "Ivanisevic, Ivan"]
[Result "0-1"]
[ECO "A06"]
[WhiteElo "2522"]
[BlackElo "2523"]
[Annotator "TA"]
[PlyCount "74"]
[EventDate "2023.10.21"]
[EventType "team-tourn"]
[EventCountry "AUT"]
[SourceTitle "playchess.com"]
[Source "ChessBase"]
[SourceQuality "1"]
[TimeControl "40/5400+30:1800+30"]

1. Nf3 d5 2. g3 Nc6 3. d4 Bf5 4. c4 e5 5. dxe5 dxc4 6. Bd2 Be4 (6... Nd4 $11 {should be considered.} 7. Na3 Nxf3+ 8. exf3 Bxa3 9. Qa4+ b5 10. Qxa3 Qd5) 7. Bh3 (7. Bg2 $16) 7... Bxf3 $11 8. exf3 {[%emt 0:00:04] The position is equal.} Qd3 $1 9. Bc3 {[%emt 0:01:32] Prevents Nd4.} Qxd1+ $1 10. Kxd1 Bc5 11. Na3 Rd8+ 12. Kc2 Nge7 (12... Bxa3 13. bxa3 Nge7 14. Rhd1 $16) 13. Rad1 O-O 14. Nxc4 Bxf2 15. f4 Nd4+ 16. Bxd4 Bxd4 17. Rd2 b5 18. Rhd1 $1 c5 19. Nd6 Rb8 {[%emt 0:00:36] [#]} 20. b4 $1 {[%emt 0:02:20] Threatens to win with Ne4. Black is weak on the light squares} Nd5 21. bxc5 Ne3+ 22. Kb3 Bxc5 23. Rc1 Bb6 24. Rc6 (24. Nxb5 $2 a6 (24... Ba5 25. Rd3 $11) 25. Rc6 (25. Nc3 $2 Bc5+ $19) 25... axb5 $19) 24... Rfd8 25. Re2 Nd5 {[%emt 0:02:23] [#]} (25... Nc4 $14 26. Nxc4 (26. Nxb5 $2 Na5+ 27. Ka4 Nxc6 $19) 26... bxc4+ 27. Kxc4 Rd1) 26. Nc8 $1 $16 (26. Nxb5 Ne7 27. Rc4 Nd5 $11) 26... a5 {[%emt 0:03:38][%cal Ba7a5,Ba5a4][%mdl 32] [#]} 27. e6 $1 {[%emt 0:01:42] e7 would now be deadly.} a4+ 28. Kb2 (28. Ka3 $16 {Black must now prevent e7.} b4+ (28... Rdxc8 $2 29. Rxc8+ Rxc8 30. exf7+ Kxf7 31. Bxc8 $18) 29. Kxa4 Nc3+ (29... Rdxc8 30. exf7+ Kxf7 31. Be6+ Kf8 32. Rxc8+ $16) 30. Rxc3 bxc3 31. e7) 28... Bd4+ $11 (28... Rdxc8 $2 29. Rxc8+ Rxc8 30. exf7+ Kxf7 31. Bxc8 $18) 29. Kc1 fxe6 (29... Rdxc8 $2 {is the wrong capture.} 30. exf7+ Kxf7 31. Bxc8 $18 (31. Rxc8 Rxc8+ 32. Bxc8 Nc3 $18)) 30. Bxe6+ Kf8 {[%emt 0:00:08] Hoping for ...Nc3.} 31. f5 $2 (31. Bxd5 $11 Rxd5 (31... Rdxc8 32. Kb1 $11) 32. Kb1) 31... Bf6 $2 (31... Nc3 $19 32. Re1 Nxa2+ 33. Bxa2 Rbxc8 (33... Rdxc8 $2 34. Rxc8+ Rxc8+ 35. Kb1 $19) 34. Rxc8 Rxc8+ 35. Kb1 Bf6) 32. h4 $1 $15 b4 {[%emt 0:01:11] aiming for ...b3.} 33. Rd2 Nc3 {[%emt 0:00:52][%cal Oc3a2] ...Nxa2+! is the strong threat.} 34. Rc7 $2 (34. Rxd8+ $17 Bxd8 35. h5) 34... Rxd2 $2 (34... Nxa2+ 35. Bxa2 (35. Rxa2 $2 {too greedy.} b3 $19) 35... Rdxc8 (35... Rbxc8 $2 36. Rxd8+ Rxd8 37. Rf7+ Ke8 38. Ra7 $19) 36. Rxc8+ Rxc8+ 37. Kd1 b3) 35. Kxd2 $19 {[%emt 0:00:03] [#] White wants to mate with Rf7+.} Nb5 $1 36. Rc4 (36. Rc5) 36... b3 37. axb3 axb3 {[%emt 0:00:06] Weighted Error Value: White=0.46/Black=0.39.  Loses game:     	White=2     	---        Missed win:     	---       	Black=1      Mistake:       	White=3     	Black=3      Inaccurate:     	White=1     	Black=4      OK:         	White=8     	Black=10     Best:        	---       	Black=6      Strong:       	White=3     	Black=2} 0-1

[Event "Austrian Bundesliga 2023-24"]
[Site "Austria"]
[Date "2024.03.21"]
[Round "8.22"]
[White "Perunovic, Milos"]
[Black "Schreiner, Peter"]
[Result "1/2-1/2"]
[ECO "C65"]
[WhiteElo "2535"]
[BlackElo "2400"]
[Annotator "TA"]
[PlyCount "63"]
[EventDate "2023.10.21"]
[EventType "team-tourn"]
[EventCountry "AUT"]
[SourceTitle "playchess.com"]
[Source "ChessBase"]
[SourceQuality "1"]
[TimeControl "40/5400+30:1800+30"]

1. e4 e5 2. Nf3 Nc6 3. Bb5 Nf6 4. d3 Bc5 5. c3 O-O 6. Bg5 Re8 7. O-O a6 8. Ba4 h6 9. Bh4 b5 10. Bb3 Be7 11. a4 {[%emt 0:03:03] [#] Hoping for axb5.} Bb7 12. Na3 Bxa3 13. Rxa3 d6 14. axb5 axb5 15. Rxa8 Bxa8 16. Ba2 {[%emt 0:06:26] White is more active.} Qe7 17. h3 Nd8 18. Re1 Ne6 19. d4 Nf8 20. Qd3 Rb8 21. dxe5 dxe5 22. Bg3 Ng6 {[%emt 0:02:58] The position is equal.} 23. Nh4 Nxh4 24. Bxh4 g5 25. Bg3 Nh5 26. Bh2 Nf4 27. Bxf4 gxf4 28. Rd1 Bc6 {[%emt 0:01:23] Prevents Qd7.} 29. Qf3 Kg7 30. g3 Qf6 31. Bd5 Rd8 32. Bxc6 {[%emt 0:00:48] Weighted Error Value: White=0.06 (flawless) /Black=0.04 (flawless) .  Inaccurate:     	White=3     	Black=1      OK:         	White=9     	Black=15} 1/2-1/2

[Event "Austrian Bundesliga 2023-24"]
[Site "Austria"]
[Date "2024.03.21"]
[Round "8.23"]
[White "Diermair, Andreas"]
[Black "Sipos, Istvan"]
[Result "1-0"]
[ECO "A06"]
[WhiteElo "2434"]
[BlackElo "2457"]
[Annotator "TA"]
[PlyCount "219"]
[EventDate "2023.10.21"]
[EventType "team-tourn"]
[EventCountry "AUT"]
[SourceTitle "playchess.com"]
[Source "ChessBase"]
[SourceQuality "1"]
[TimeControl "40/5400+30:1800+30"]

1. Nf3 d5 2. g3 Nf6 3. Bg2 c5 4. O-O Nc6 5. d4 cxd4 6. Nxd4 e5 7. Nxc6 bxc6 {[%emt 0:00:05] [#]} 8. c4 $1 Rb8 (8... Be6 9. Qa4) 9. b3 (9. Bg5 $14) 9... Be6 $11 10. Bg5 Qd7 {[%emt 0:00:19] The position is equal.} 11. cxd5 cxd5 12. Nc3 {[%emt 0:01:14][%cal Bb1c3,Bc3e4,Be4c5][%mdl 32] Threatening Bxf6.} d4 13. Bxf6 gxf6 14. Ne4 Qd8 15. Rc1 Ba3 16. Rc2 f5 17. Nc5 O-O 18. Qd2 Bb4 19. Qh6 Rb6 20. Nxe6 fxe6 21. Rfc1 Bc3 22. e4 Qf6 23. Qh5 (23. Qxf6 {simplifies} Rxf6 24. Rf1 f4 25. Bf3) 23... Kg7 24. Rd1 Rbb8 25. Re2 a5 26. f4 Rb5 {[%emt 0:04:04] Black is weak on the light squares} 27. Kh1 (27. Rf2 {looks sharper.} d3 28. fxe5 Qxe5 29. Rf4) 27... Kh8 28. Rf2 Rc5 29. Qe2 Bb4 30. Rdf1 Rd8 31. Rd1 exf4 (31... Rc3 $11) 32. Rxf4 $14 Qe5 33. Qf1 d3 34. Rxd3 Rxd3 35. Qxd3 Rc1+ 36. Bf1 Qd6 37. Kg2 Qxd3 $1 38. Bxd3 {[%emt 0:00:02][%mdl 4096] Endgame. KRB-KRB} Bd6 39. Rf2 fxe4 40. Bxe4 Rc7 41. Bd3 Kg7 42. Bc4 Re7 43. Re2 Kf6 44. Kf3 Bc5 45. Re4 e5 46. Bd3 Rd7 47. Ke2 h6 48. Rh4 Kg5 49. Rc4 Bb4 50. Ke3 Rd4 51. Rc8 Rd6 52. Rg8+ Kf6 53. h4 Bc5+ 54. Ke2 Bb4 55. a4 Bc5 56. g4 Rd4 57. Rg6+ Kf7 {[%emt 0:00:01] Threatens to win with ...e4.} 58. h5 (58. Rxh6 Rxg4 59. Bc4+ Kg7 $11) 58... Rf4 (58... Rd6 $16) 59. Bc4+ $18 Kf8 60. Rg8+ (60. Rxh6 Rxg4 61. Rc6 Bd4) ({White should try} 60. Ra6 $18) 60... Ke7 $16 61. Rg7+ Kf8 62. Rc7 Bd4 63. Rc6 Rxg4 64. Rxh6 Kg7 {[%emt 0:00:22] Repels Rf6} (64... e4 $1 $14) 65. Ra6 $1 $18 Bc3 (65... Rg2+ $16 {is a better defense.} 66. Kf3 Rf2+ 67. Kg3 e4 68. h6+ (68. Rxa5 e3 $16) 68... Kh7) 66. h6+ $1 Kh7 $2 (66... Kh8 {is more resistant.} 67. Bd3 e4) 67. Ke3 $2 (67. Bd3+ $1 $18 e4 68. Bxe4+ Rxe4+ 69. Kd3) 67... Rg3+ $1 $11 (67... Rg6 $2 68. Bd3 Kxh6 69. Rxg6+ $18 (69. Bxg6 Bb4 $18)) 68. Ke2 $2 (68. Ke4 $11) 68... Rg4 $1 $18 {[%emt 0:01:00] [#] White leaves nothing to chance now.} 69. Re6 $2 (69. Bd3+ $1 $18 e4 70. Bxe4+ Rxe4+ 71. Kd3) 69... e4 {[%emt 0:00:21] [#]} (69... Rg2+ $16 70. Kf3 Rd2) 70. Bd5 $1 Rg2+ 71. Kf1 Rh2 $2 (71... Rg4 {was worth a try.} 72. Bxe4+ Kh8) 72. Bxe4+ Kg8 73. Rc6 Bd4 74. Rd6 Bc3 75. Kg1 {[%emt 0:00:35] Rd8+ would kill now.} Rh4 76. h7+ Kf7 77. Bd3 Rd4 78. Rc6 {[%emt 0:00:58] Threatening mate with Rc7+.} ({Inferior is} 78. h8=R Rxd6 79. Rh3 Bb4 $11) ({And not} 78. h8=Q Rg4+ 79. Kf2 Bxh8 $11) (78. h8=N+ Ke7 79. Rxd4 (79. Rc6 Rxd3 80. Ng6+ Kf7 $17) 79... Bxd4+ 80. Kf1 Bxh8 $11) (78. h8=B Rg4+ 79. Kf2 Bxh8 $11) 78... Rxd3 $2 {[%emt 0:01:59] [#]} (78... Bb2 79. Bc2 (79. h8=R Rg4+ 80. Kh2 Bxh8 $16) (79. Rc7+ Ke6 $18) 79... Rd2) 79. Rxc3 $1 {[%emt 0:00:15][%mdl 512] KR-KR} Rd1+ (79... Rd8 80. Rc7+) 80. Kg2 {[%emt 0:00:26] White threatens Rc7+ and mate.} Kg7 81. Rh3 Rd2+ 82. Kf1 Kh8 83. Ke1 Rd6 84. Ke2 {[%emt 0:00:08] White mates.} Rd5 85. Ke3 Rd1 86. Ke4 Rg1 87. Kd5 Rc1 88. Kd4 Rd1+ 89. Kc4 Rd7 90. Rh5 Ra7 91. Rb5 Kxh7 92. Kc5 Kg6 93. Kb6 Ra8 94. Kb7 Re8 95. Rxa5 Kf6 96. Ra6+ Ke5 97. Rc6 Kd5 98. b4 Re7+ 99. Kb6 Re8 100. b5 Ra8 101. a5 Rb8+ 102. Ka6 Ra8+ 103. Kb7 Rxa5 104. b6 Ra1 105. Rh6 Rg1 106. Ka7 Ra1+ 107. Kb8 Kc5 108. Kc7 Rg1 109. Rh5+ Kc4 110. b7 {[%emt 0:00:10] Weighted Error Value: White=0.10 (very precise) /Black=0.11 (very precise) .  Missed win:     	White=2     	---        Mistake:       	White=3     	Black=8      Inaccurate:     	White=3     	Black=7      OK:         	White=26    	Black=23     Best:        	White=3     	Black=4      Strong:       	White=3     	Black=3      Brilliant:      	White=1     	---} 1-0

[Event "Austrian Bundesliga 2023-24"]
[Site "Austria"]
[Date "2024.03.21"]
[Round "8.24"]
[White "Borhy, Marcell"]
[Black "Hoefelsauer, Thomas"]
[Result "1/2-1/2"]
[ECO "A06"]
[WhiteElo "2370"]
[BlackElo "2302"]
[Annotator "TA"]
[PlyCount "74"]
[EventDate "2023.10.21"]
[EventType "team-tourn"]
[EventCountry "AUT"]
[SourceTitle "playchess.com"]
[Source "ChessBase"]
[SourceQuality "1"]
[TimeControl "40/5400+30:1800+30"]

1. Nf3 d5 2. g3 Nd7 3. d4 Nb6 4. Nc3 Nf6 5. Bg2 Bf5 6. Nh4 Bg6 7. Nxg6 hxg6 8. e4 {[%emt 0:18:34] White is slightly better.} e6 9. Qd3 c6 10. O-O Be7 11. e5 Nfd7 12. Ne2 c5 13. c3 Qc7 14. b3 a5 15. Be3 a4 16. Qd2 (16. Nf4 $16) 16... O-O $14 17. f4 Rfc8 18. Rac1 axb3 19. axb3 Ra3 20. Qb2 Rca8 21. Ra1 {[%emt 0:00:34] Prevents Ra2.} c4 22. Rxa3 Bxa3 23. Qb1 cxb3 24. Qxb3 Qc4 25. Qxc4 Nxc4 26. Bf2 Bb2 27. g4 Ra3 28. f5 gxf5 29. gxf5 Bxc3 30. fxe6 fxe6 31. Nf4 Nd2 32. Nxe6 (32. Rd1 $15) 32... Nxf1 $17 33. Kxf1 Ra1+ 34. Ke2 Ra2+ 35. Kf1 Ra1+ 36. Ke2 Ra2+ 37. Kf1 Ra1+ {[%emt 0:00:08] Weighted Error Value: White=0.10 (very precise) /Black=0.14 (very precise) .  Mistake:       	White=2     	Black=1      Inaccurate:     	White=3     	Black=2      OK:         	White=8     	Black=12     Best:        	White=4     	Black=3} ({Black should try} 37... Nb6 $17 38. Bf3 Bd2) 1/2-1/2

[Event "Austrian Bundesliga 2023-24"]
[Site "Austria"]
[Date "2024.03.21"]
[Round "8.25"]
[White "Georgiadis, Nico"]
[Black "Pechac, Jergus"]
[Result "1/2-1/2"]
[ECO "C60"]
[WhiteElo "2537"]
[BlackElo "2571"]
[Annotator "TA"]
[PlyCount "28"]
[EventDate "2023.10.21"]
[EventType "team-tourn"]
[EventCountry "AUT"]
[SourceTitle "playchess.com"]
[Source "ChessBase"]
[SourceQuality "1"]
[TimeControl "40/5400+30:1800+30"]

1. e4 e5 2. Nf3 Nc6 3. Bb5 Nge7 4. O-O Ng6 5. d4 exd4 6. Nxd4 Bc5 7. Nf5 O-O 8. Be3 Bxe3 9. Nxe3 {[%emt 0:00:05] White has an edge.} d6 10. Qd2 Qg5 11. Nd5 Qd8 12. Ne3 Qg5 13. Nd5 Qd8 14. Ne3 Qg5 {A rather calm draw.   Weighted Error Value: White=0.12 (very precise) /Black=0.00 (flawless) .  OK:         	White=1     	Black=7} 1/2-1/2

[Event "Austrian Bundesliga 2023-24"]
[Site "Austria"]
[Date "2024.03.21"]
[Round "8.26"]
[White "Zilka, Stepan"]
[Black "Koelle, Tobias"]
[Result "1/2-1/2"]
[ECO "E04"]
[WhiteElo "2589"]
[BlackElo "2460"]
[Annotator "TA"]
[PlyCount "52"]
[EventDate "2023.10.21"]
[EventType "team-tourn"]
[EventCountry "AUT"]
[SourceTitle "playchess.com"]
[Source "ChessBase"]
[SourceQuality "1"]
[TimeControl "40/5400+30:1800+30"]

1. d4 Nf6 2. c4 e6 3. Nf3 d5 4. g3 dxc4 5. Bg2 Nbd7 6. Nbd2 {[%emt 0:04:00][%mdl 1024] White has compensation.} b5 {[%emt 0:10:54] next ...Bb7 is good for Black.} 7. a4 c6 8. O-O Bb7 {[%emt 0:02:59] Black is slightly better.} 9. e4 Be7 10. e5 Nd5 11. Ne4 h6 {[%emt 0:03:30] Prevents Bg5} 12. h4 ({White should play} 12. Nh4 $15) 12... a6 $17 13. Re1 c5 (13... Qc7 $17 14. Nd6+ Bxd6 15. exd6 Qxd6) 14. Nd6+ $1 $15 Bxd6 15. exd6 Qb6 16. Ne5 cxd4 ({Of course not} 16... Qxd6 $6 17. dxc5 Nxc5 (17... Qxc5 18. Nxd7 Kxd7 19. Be3 $16) 18. axb5 axb5 19. Rxa8+ Bxa8 20. Qg4 $11) 17. axb5 Nxe5 (17... axb5 $17 18. Rxa8+ Bxa8) 18. Rxe5 $11 axb5 19. Rxa8+ Bxa8 20. Qg4 Qxd6 (20... Kf8 $5 21. Rxe6 fxe6 22. Qxe6 Qd8 (22... Qc6 23. Qf5+ Ke8 24. Qe5+ Kf7 25. Qf5+ Ke8 26. Qe5+ Kf7 27. Qf5+ Ke8 $11) 23. Bxd5 Bxd5 24. Qxd5 Rg8 $11) 21. Qxg7 Qf8 22. Qg4 Qc5 23. Qg7 {[%emt 0:02:12] The position is equal.} Qf8 24. Qg4 Qc5 25. Qg7 Qf8 26. Qg4 Qc5 $1 {Weighted Error Value: White=0.11 (very precise) /Black=0.16 (very precise) .  Mistake:       	White=1     	Black=2      Inaccurate:     	White=1     	Black=2      OK:         	White=8     	Black=10     Best:        	White=1     	Black=3      Strong:       	White=1     	Black=1} 1/2-1/2

[Event "Austrian Bundesliga 2023-24"]
[Site "Austria"]
[Date "2024.03.21"]
[Round "8.27"]
[White "Deuer, Marius"]
[Black "Hracek, Zbynek"]
[Result "1/2-1/2"]
[ECO "E46"]
[WhiteElo "2430"]
[BlackElo "2542"]
[Annotator "TA"]
[PlyCount "99"]
[EventDate "2023.10.21"]
[EventType "team-tourn"]
[EventCountry "AUT"]
[SourceTitle "playchess.com"]
[Source "ChessBase"]
[SourceQuality "1"]
[TimeControl "40/5400+30:1800+30"]

1. d4 Nf6 2. c4 e6 3. Nc3 Bb4 4. e3 O-O 5. Nge2 Re8 6. a3 Bf8 7. Ng3 d5 8. Be2 dxc4 9. O-O c5 10. dxc5 Nbd7 11. Bxc4 Nxc5 12. b4 Ncd7 13. Bb2 a6 14. Nce4 b5 {[%emt 0:02:59] aiming for ...Nxe4.} 15. Bd3 Bb7 16. Qe2 Qe7 17. Rac1 Rac8 {[%emt 0:00:55] Wards off Rc7} 18. Rfd1 Nxe4 19. Nxe4 Rxc1 20. Rxc1 Rc8 {[%emt 0:00:19] Repels Rc7} 21. Rxc8 Bxc8 22. Qc2 Bb7 23. Qc7 Nf6 (23... Ba8 $14) 24. Nxf6+ $18 gxf6 25. Qg3+ Bg7 26. Qb8+ Bf8 {[%emt 0:00:01] [#]} 27. Bd4 {[%emt 0:00:45] Black must now prevent Bc5.} Bc6 {[%emt 0:00:21] [#]} 28. Be4 $1 Be8 (28... Bxe4 $2 {too greedy.} 29. Bc5 Kg7 30. Bxe7 $18) 29. h3 h6 30. Qb7 (30. Bf3 $18) 30... f5 $16 31. Qxe7 Bxe7 {[%emt 0:00:01][%mdl 4096] Endgame. KBB-KBB} 32. Bb7 h5 33. g3 Bd8 34. f4 {[%emt 0:02:45] White is more active.} ({Better is} 34. Bxa6 $16 {White wants to play h4.} Bc6 35. Bc8) 34... a5 $11 {[%emt 0:00:44] The position is equal.} 35. bxa5 Bxa5 36. Bf3 h4 37. gxh4 b4 38. axb4 Bxb4 39. Bf6 Bc5 40. Kf2 Kh7 41. h5 Kh6 42. Ke2 Bb5+ 43. Kf2 Be8 44. Bg5+ Kg7 45. h6+ Kh7 46. Ke2 Bb5+ 47. Kd2 Bb4+ 48. Kc2 Bc5 49. Kd2 Bb4+ 50. Kc2 {[%emt 0:00:07] Black escapes into a draw.   Weighted Error Value: White=0.07 (flawless) /Black=0.08 (flawless) .  Mistake:       	White=2     	Black=1      Inaccurate:     	---       	Black=1      OK:         	White=15    	Black=21     Best:        	White=1     	Black=4} 1/2-1/2

[Event "Austrian Bundesliga 2023-24"]
[Site "Austria"]
[Date "2024.03.21"]
[Round "8.28"]
[White "Haba, Petr"]
[Black "Kvetny, Mark"]
[Result "1/2-1/2"]
[ECO "B92"]
[WhiteElo "2436"]
[BlackElo "2407"]
[Annotator "RC"]
[PlyCount "194"]
[EventDate "2023.10.21"]
[EventType "team-tourn"]
[EventCountry "AUT"]
[SourceTitle "playchess.com"]
[Source "ChessBase"]
[SourceQuality "1"]
[TimeControl "40/5400+30:1800+30"]

1. e4 c5 2. Nf3 d6 3. d4 cxd4 4. Nxd4 Nf6 5. Nc3 a6 6. Be2 e5 7. Nb3 Be7 8. O-O O-O 9. Re1 Be6 10. Bf3 Qc7 11. a4 Rc8 12. Bg5 Nbd7 13. Nd2 Qc6 14. Nf1 Bd8 15. Ne3 h6 16. Bxf6 Nxf6 17. Ncd5 Bxd5 18. exd5 Qd7 19. Qd3 Bb6 20. Nc4 Qc7 21. b3 Bd4 22. c3 Bxc3 23. Qxc3 b5 24. Rxe5 dxe5 25. d6 Qb8 26. Bxa8 bxc4 27. d7 Nxd7 28. Bd5 cxb3 29. Qxb3 Qxb3 30. Bxb3 Rc3 31. Bd1 Nc5 32. Rb1 g6 33. Kf1 Ra3 34. Rb6 Ra1 35. Ke2 Nxa4 36. Rc6 Kg7 37. Kd2 Nb2 38. Bb3 Ra3 39. Kc2 Nd3 40. Rc7 Ne1+ 41. Kb2 Rxb3+ 42. Kxb3 Nxg2 43. Kc2 Nf4 44. Kd2 Kf6 45. Ra7 Ke6 46. Rxa6+ Kf5 47. Ke3 h5 48. Ra5 f6 49. Ra6 g5 50. Rd6 g4 51. Rd8 Ng2+ 52. Ke2 Ke4 53. Ra8 Nf4+ 54. Kf1 h4 55. Ra4+ Kf5 56. Ra3 Kg5 57. Re3 Nh3 58. Re4 Kf5 59. Ra4 Ng5 60. Kg2 h3+ 61. Kh1 Ne4 62. Kg1 Nc3 63. Ra6 Ne2+ 64. Kh1 Nd4 65. Rb6 Kg5 66. Ra6 f5 67. Ra5 Kf4 68. Ra3 Ne6 69. Ra4+ Kf3 70. Ra5 Kf4 71. Ra4+ Nd4 72. Ra3 Ke4 73. Re3+ Kd5 74. Ra3 Kc4 75. Re3 e4 76. Ra3 Kb4 77. Re3 Nc2 78. Rg3 Ne1 79. Re3 Nd3 80. Kg1 Kc3 81. Re2 Nc1 82. Re3+ Kd2 83. Ra3 Ne2+ 84. Kf1 Nc3 85. Ra8 Nb5 86. Rd8+ Kc3 87. Ke2 Nd4+ 88. Ke3 Nf3 89. Rc8+ Kb3 90. Rf8 Nxh2 91. Rxf5 Kc2 92. Kxe4 Kd2 93. Kf4 Ke2 94. Kg3 Nf1+ 95. Kxg4 h2 96. Rh5 Kxf2 97. Rxh2+ Nxh2+ 1/2-1/2

[Event "Austrian Bundesliga 2023-24"]
[Site "Austria"]
[Date "2024.03.21"]
[Round "8.29"]
[White "Richter, Nils"]
[Black "Bures, Jaroslav"]
[Result "1-0"]
[ECO "A06"]
[WhiteElo "2400"]
[BlackElo "2407"]
[Annotator "TA"]
[PlyCount "81"]
[EventDate "2023.10.21"]
[EventType "team-tourn"]
[EventCountry "AUT"]
[SourceTitle "playchess.com"]
[Source "ChessBase"]
[SourceQuality "1"]
[TimeControl "40/5400+30:1800+30"]

1. Nf3 d5 2. e3 Nf6 3. c4 e6 4. Nc3 Be7 5. b3 c5 6. Bb2 Nc6 7. cxd5 exd5 8. d4 {[%emt 0:01:23] White has an edge.} Bg4 9. Be2 Bxf3 10. Bxf3 cxd4 11. exd4 O-O 12. O-O Qd7 13. Rc1 Qf5 14. Na4 Rac8 15. Nc5 b6 16. Qd3 Qxd3 17. Nxd3 Nb4 18. Ne5 Ne4 ({Much weaker is} 18... Nxa2 19. Rxc8 (19. Ra1 Nc3 $14) 19... Rxc8 20. Ra1 $16) 19. Bg4 (19. a3 $5 Na2 20. Rc6 $16) 19... Rxc1 20. Rxc1 {[%emt 0:00:03] Hoping for a3.} Bd6 $1 ({But not} 20... Nxa2 $6 21. Rc7 Bb4 22. Rxa7 $16) 21. a3 $36 {[%emt 0:27:36][%mdl 2048] White has the initiative.} Bxe5 $1 22. axb4 Bd6 23. b5 f5 24. Bd1 Kf7 25. Rc6 {[%emt 0:01:03] f3 is the strong threat.} Ke7 $2 {[%emt 0:01:34][%mdl 8192] This costs Black the game.} (25... Rd8 $11) 26. f3 $18 Ng5 {[%emt 0:07:09] [#]} (26... Ra8 {might work better.} 27. fxe4 dxe4) 27. Rxd6 $1 {[%emt 0:00:32][%mdl 512] White is clearly winning.} Kxd6 {[%emt 0:00:01][%mdl 4096] Endgame. KRN-KB} 28. Ba3+ Kd7 29. Bxf8 Ne6 30. Ba3 Nxd4 31. Bb2 Nxb5 32. Bxg7 a5 33. Bc2 Ke6 34. Bd3 Nd6 35. Bf8 Nb7 36. Kf2 Nc5 37. Bxc5 bxc5 38. f4 h6 39. Ke3 Kf6 40. Kd2 Ke6 41. Kc3 {[%emt 0:02:39] Weighted Error Value: White=0.07 (flawless) /Black=0.38.  Loses game:     	---       	Black=1      Mistake:       	---       	Black=1      Inaccurate:     	White=2     	Black=1      OK:         	White=12    	Black=9      Best:        	White=2     	---        Strong:       	---       	Black=2      Brilliant:      	White=1     	---} 1-0